 Dungeon Sprint DCSS version 0.29.1-2-gbd0b4ee654 (webtiles) character file.

Game seed: 12521038255150192594

896 Zeld the Cleaver (level 7, -8/71 HPs)
             Began as a Minotaur Berserker on Nov 11, 2022.
             Was an Elder of Trog.
             Succumbed to a death drake's dark miasma
             ... in the Dungeon (Sprint II: "The Violet Keep of Menkaure").
             The game lasted 00:04:38 (1160 turns).

Zeld the Cleaver (Minotaur Berserker)               Turns: 1160, Time: 00:04:38

Health: -8/71      AC:  2    Str: 23    XL:     7   Next: 79%
Magic:  6/6        EV: 14    Int:  4    God:    Trog [****..]
Gold:   729        SH:  0    Dex: 10    Spells: 6/6 levels left

rFire   . . .      SeeInvis .   a - +0 hand axe
rCold   . . .      Faith    .   (no shield)
rNeg    . . .      Spirit   .   b - +0 animal skin
rPois   .          Reflect  .   (helmet restricted)
rElec   .          Harm     .   (no cloak)
rCorr   .          Rampage  .   (no gloves)
Will    ++...      NoTele   +   (no boots)
Stlth   +.........              (no amulet)
HPRegen 1.21/turn               (no ring)
MPRegen 0.10/turn               (no ring)

@: lethally poisoned (-8 -> -32), strong-willed, regenerating, slowed, very slow
A: horns 2, retaliatory headbutt
a: Renounce Religion, Berserk, Trog's Hand, Brothers in Arms


You were in the Dungeon.
You worshipped Trog.
Trog was greatly pleased with you.
You visited 1 branch You collected 729 gold pieces.

Inventory:

Hand Weapons
 a - a +0 hand axe (weapon)
Armour
 b - a +0 animal skin (worn)
Scrolls
 h - a scroll of blinking
 i - a scroll of poison {unknown}
Potions
 d - a potion of heal wounds
 e - a potion of haste
 f - 2 potions of magic
 g - a potion of berserk rage


   Skills:
 + Level 9.9 Fighting
 * Level 13.3 Axes
 + Level 9.5 Armour
 + Level 8.7 Dodging


You had 6 spell levels left.
You didn't know any spells.
Your spell library was empty.

Dungeon Overview and Level Annotations

Branches:
Dungeon (1/1)

Altars:
Cheibriados
Dithmenos
Elyvilon
Fedhas
Hepliaklqana
Kikubaaqudgha
Makhleb
Qazlal
Ru
Sif Muna
Trog
Wu Jian
Xom
Yredelemnul
The Shining One
Jiyva
Lugonu

Shops:
D :?!:![?*=:=[(=[

Annotations:
D exclusion: oklob plant, Roxanne


Innate Abilities, Weirdness & Mutations

You have a pair of horns on your head.
You reflexively headbutt those who attack you in melee.


Message History

A death drake comes into view.
The death drake hisses angrily.
A swamp drake comes into view.
The death drake moves out of view.
A swamp drake comes into view.
The swamp drake roars!
Really walk into a travel-excluded area?
Uppercase [Y]es or [N]o only, please.
Really walk into a travel-excluded area?
You enter the shallow water.
Moving in this stuff is going to be slow.
The death drake breathes miasma at you. The foul vapour engulfs you!
You are poisoned.
You feel yourself slow down.
You open the door.
You are engulfed in dark miasma.
You are more poisoned.
You feel as though you will be slow longer.
You feel extremely sick.
You feel extremely sick. The death drake breathes miasma at you.
The foul vapour engulfs you!
You are lethally poisoned!
* * * LOW HITPOINT WARNING * * *
There is an open door here.
Unknown command.
You feel better.
You are engulfed in dark miasma.
You are lethally poisoned!
* * * LOW HITPOINT WARNING * * *
x2 You feel extremely sick.
The death drake breathes miasma at you. The foul vapour misses you.
The swamp drake is engulfed in a cloud of scalding steam.
Unknown command.
Your skin crawls.
You feel strong-willed.
You are engulfed in dark miasma.
You are more poisoned.
* * * LOW HITPOINT WARNING * * *
You die...

####~~#+++ ###~~~... .. .#
∩.#~~~~.##+##.. #. k
..#~~~~##...##.#### +.##.
..#~~~~#..#..# ..°# ..k#
..#~~####.).####.°## #.k#
..#~##.###'###.##°°# +..#
..#~##..##.####.#°°# #..# #
∩.'~'.##'.<.'†##@°°####..##.#
.∩#~##..##.##...#○k°.###...##▓▓
###~##.###+###.##.k..°.~~~~~~~~~
###~~###


B#B ###°§.....~#+###### ##~~~#.. ..#~~~§~§§..~#.._.... #'#~##$
.##~~§~~~~§.~#._._... #.#~~##+##~~~§≈§§~~~~#_._._..
####~~~~~~~~~§≈§§≈~~~#._._._. #+++#+++#~§≈§≈≈≈≈~#_._._._ You could see a death
drake (catching breath) and a swamp drake.

Vanquished Creatures
  A merfolk siren (D)
  A vampire mosquito (D)
  Menkaure (D)
  A water moccasin (D)
  4 scorpions (D)
  3 worms (D)
11 creatures vanquished.

Notes
Turn   | Place    | Note
-------+----------+-------------------------------------------
     0 | D        | Zeld the Minotaur Berserker began the quest for the Orb.
     0 | D        | Reached XP level 1. HP: 19/19 MP: 0/0
     1 | D        | Noticed a merfolk siren
     6 | D        | Killed a merfolk siren
     7 | D        | Reached skill level 10 in Axes
     7 | D        | Reached XP level 2. HP: 13/35 MP: 1/1
     7 | D        | Reached XP level 3. HP: 16/40 MP: 2/2
     7 | D        | Reached XP level 4. HP: 19/48 MP: 3/3
     7 | D        | Reached XP level 5. HP: 21/53 MP: 4/4
     7 | D        | Reached XP level 6. HP: 24/61 MP: 5/5
   464 | D        | Reached skill level 11 in Axes
   465 | D        | Reached ** piety under Trog
   470 | D        | Reached XP level 7. HP: 35/69 MP: 6/6
   471 | D        | Reached skill level 12 in Axes
   478 | D        | HP: 3/70 [poisoned by a scorpion]
   799 | D        | Noticed a boulder beetle
   799 | D        | Noticed a boulder beetle
   808 | D        | Reached *** piety under Trog
   868 | D        | Found Juexugivi's Antique Armour Shop.
   868 | D        | Found Hepurok's Antique Armour Shop.
   868 | D        | Found Xanuh's Jewellery Boutique.
   868 | D        | Found Roujiuqa's General Store.
   868 | D        | Found Zit Weat's Jewellery Shop.
   868 | D        | Found Wauparaesk's Magic Scroll Boutique.
   869 | D        | Found Zypualib's Antique Armour Boutique.
   869 | D        | Found Ususmo's Distillery.
   869 | D        | Found Coudgh's Book Boutique.
   869 | D        | Found Wutud's Antique Weapon Shop.
   870 | D        | Found Cuummetown's Distillery.
   870 | D        | Found Evvakohu's Magic Scroll Boutique.
   871 | D        | Found Pocu's Jewellery Boutique.
   871 | D        | Found Gocamath's Book Shop.
   875 | D        | Noticed a vampire mosquito
   879 | D        | Killed a vampire mosquito
   889 | D        | Reached skill level 13 in Axes
   956 | D        | Noticed a cane toad
   956 | D        | Noticed a cane toad
   957 | D        | Noticed Menkaure
   957 | D        | Noticed an oklob plant
   958 | D        | Found Gixteaki's Book Shoppe.
   958 | D        | Noticed a shining eye
   958 | D        | Noticed a shining eye
   962 | D        | Noticed a shining eye
   968 | D        | Killed Menkaure
   968 | D        | Reached **** piety under Trog
  1109 | D        | Noticed Roxanne
  1118 | D        | Found a stormy altar of Qazlal.
  1118 | D        | Found an ornate altar of the Wu Jian Council.
  1118 | D        | Found a glowing golden altar of the Shining One.
  1119 | D        | Found a hazy altar of Hepliaklqana.
  1119 | D        | Found a sacrificial altar of Ru.
  1119 | D        | Found a shimmering altar of Xom.
  1121 | D        | Found a viscous altar of Jiyva.
  1121 | D        | Found a shimmering blue altar of Sif Muna.
  1121 | D        | Found a basalt altar of Yredelemnul.
  1122 | D        | Found a snail-covered altar of Cheibriados.
  1122 | D        | Found an ancient bone altar of Kikubaaqudgha.
  1122 | D        | Found a bloodstained altar of Trog.
  1128 | D        | Found a shadowy altar of Dithmenos.
  1128 | D        | Found a corrupted altar of Lugonu.
  1140 | D        | Found a white marble altar of Elyvilon.
  1140 | D        | Found a burning altar of Makhleb.
  1141 | D        | Found a blossoming altar of Fedhas.
  1148 | D        | Noticed a death drake
  1160 | D        | HP: 1/71 [death drake] (5)]
  1160 | D        | Succumbed to a death drake's dark miasma

Illustrated notes

Levels and vault maps discovered:
D:        the_violet_keep_of_menkaure [sprint2_stairs_cluster_1,
          sprint2_shoproom, sprint2_temple, sprint2_basic_supplies,
          sprint2_obstacle_6, sprint2_obstacle_4, sprint2_obstacle_5,
          sprint2_obstacle_2, sprint2_obstacle_3, sprint2_timed_cluster_1,
          sprint2_smallroom_cluster_1, sprint2_smallroom_final_cluster_1,
          sprint2_transparent_cluster_1, sprint2_second_timed_cluster_1,
          sprint2_sniper_area_1, sprint2_heavy_combat_area_1,
          sprint2_mutation_trap_area_1, sprint2_forest_area_1,
          sprint2_light_combat_area_1, sprint2_behind_water_1,
          sprint2_near_end_vault_1]

Skill      XL: |  1  2  3  4  5  6  7 |
---------------+----------------------+-----
Fighting       | 8 9 |  9.9
Axes           | 10 11 13 | 13.3
Armour         | 7 8 9 |  9.5
Dodging        | 6 7 8 |  8.7

Action                   |  1- 3 |  4- 6 |  7- 9 || total
-------------------------+-------+-------+-------++-------
Melee: Hand axe          |     3 |    14 |    21 ||    38
       Headbutt          |     1 |     2 |     3 ||     6
       Punch             |       |       |     1 ||     1
Invok: Berserk           |     1 |     1 |     3 ||     5
       Trog's Hand       |       |       |     1 ||     1
  Use: Potion            |       |       |     1 ||     1
Armor: Animal skin       |       |       |     2 ||     2
Dodge: Dodged            |     3 |     3 |     9 ||    15
